 Dungeon Crawl Stone Soup version 0.28-a0-1190-g77e1c55843 (webtiles) character file.

Game seed: 15965493909596732811

3728 pokeman the Thaumaturge (level 9, 0/49 HPs)
             Began as a Deep Elf Hedge Wizard on Dec 18, 2021.
             Was a Follower of Vehumet.
             Killed from afar by a rime drake (22 damage)
             ... with a flash freeze
             ... on level 8 of the Dungeon.
             The game lasted 00:19:10 (11044 turns).

pokeman the Thaumaturge (Deep Elf Hedge Wizard)    Turns: 11044, Time: 00:19:11

Health: 0/49       AC:  9    Str: 13    XL:     9   Next: 92%
Magic:  24/36      EV: 13    Int: 24    God:    Vehumet [*.....]
Gold:   336        SH:  0    Dex: 14    Spells: 16/33 levels left

rFire   . . .      SeeInvis .   b - +2 dagger (venom)
rCold   . . .      Faith    .   (no shield)
rNeg    . . .      Spirit   .   u - +0 steam dragon scales
rPois   .          Reflect  .   B - +1 helmet
rElec   .          Harm     .   A - +0 cloak
rCorr   .          Rampage  .   (no gloves)
Will    .....                   (no boots)
Stlth   ++........              (no amulet)
HPRegen 0.16/turn               e - +6 ring of strength
MPRegen 0.25/turn               r - ring of magical power

@: no status effects
A: no striking features
a: Renounce Religion


You were on level 8 of the Dungeon.
You worshipped Vehumet.
Vehumet was aware of your devotion.
You visited 2 branches of the dungeon, and saw 9 of its levels.

You collected 336 gold pieces.

Inventory:

Hand Weapons
 b - a +2 dagger of venom (weapon)
 z - a +3 quarterstaff of chaos
Missiles
 m - 53 arrows
 C - a throwing net
Armour
 u - +0 steam dragon scales (worn)
 A - a +0 cloak (worn)
 B - a +1 helmet (worn)
Magical Staves
 j - a staff of cold
Jewellery
 e - a +6 ring of strength (left hand)
 k - a +6 ring of dexterity
 r - a ring of magical power (right hand)
Wands
 s - a wand of acid (4)
 t - a wand of paralysis (8)
 x - a wand of iceblast (9)
 y - a wand of flame (15)
Scrolls
 a - 4 scrolls of identify {unknown}
 d - 3 scrolls of teleportation {unknown}
 g - 4 scrolls of fog {unknown}
 i - a scroll of enchant weapon {unknown}
 n - 2 scrolls of acquirement {unknown}
 o - 2 scrolls of blinking {unknown}
 q - a scroll of noise {unknown}
 v - a scroll of enchant armour {unknown}
Potions
 c - a potion of ambrosia {unknown}
 f - 6 potions of curing {unknown}
 h - 3 potions of lignification {unknown}
 l - 3 potions of heal wounds {unknown}
 p - 2 potions of resistance {unknown}
 w - a potion of degeneration {unknown}


   Skills:
 + Level 2.3 Fighting
 - Level 4.0 Armour
 - Level 3.0 Dodging
 - Level 3.0 Stealth
 * Level 12.5 Spellcasting
 + Level 7.0 Conjurations
 - Level 1.1 Summonings
 - Level 1.1 Translocations
 + Level 5.9 Fire Magic
 - Level 1.0 Ice Magic
 - Level 1.0 Air Magic
 - Level 1.3 Poison Magic
 - Level 1.3 Evocations


You had 16 spell levels left.
You knew the following spells:

 Your Spells              Type           Power      Damage    Failure   Level
a - Magic Dart            Conj           100%       1d8       1%          1
b - Mephitic Cloud        Conj/Pois/Air  30%        N/A       3%          3
c - Call Imp              Summ           20%        N/A       4%          2
d - Blink                 Tloc           40%        N/A       4%          2
e - Conjure Flame         Conj/Fire      46%        6-21      1%          3
f - Starburst             Conj/Fire      23%        6d8       41%         6

Your spell library contained the following spells:

 Spells                   Type           Power      Damage    Failure   Level
 Sandblast                Erth           30%        2d9       4%          1
 Searing Ray              Conj           96%        2d7       1%          2
 Dazzling Flash           Conj/Hex       62%        N/A       3%          3
 Slow                     Hex            60%        N/A       4%          1
 Iskenderun's Mystic Bla  Conj/Tloc      34%        2d8       8%          4
 Fulminant Prism          Conj/Hex       15%        3d11      10%         4
 Petrify                  Tmut/Erth      15%        N/A       38%         4
 Metabolic Englaciation   Hex/Ice        8%         N/A       65%         5
 Statue Form              Tmut/Erth      10%        N/A       99%         6


Dungeon Overview and Level Annotations

Branches:
Dungeon (8/15)             Temple (1/1) D:5
   Lair: D:8-11

Altars:
Ashenzari
Dithmenos
Fedhas
Gozag
Kikubaaqudgha
Makhleb
Okawaru
Qazlal
Sif Muna
Uskayaw
Vehumet
Xom
Yredelemnul
Zin

Shops:
D:4 [

Annotations:
D:8 Harold


Message History

Aim: a rime drake (moderately wounded, confused, 100% to hit)
The magic dart hits the rime drake.
The rime drake is heavily wounded.
Casting: Magic Dart (safe; 1% risk of failure)
Confirm with . or Enter, or press ? or * to list all spells.
Aiming: Magic Dart (safe; 1% risk of failure)
Press: ? - help, Shift-Dir - straight line, f/p - rime drake
Aim: a rime drake (heavily wounded, confused, 100% to hit)
The magic dart hits the rime drake.
The rime drake is severely wounded.
Casting: Magic Dart (safe; 1% risk of failure)
Confirm with . or Enter, or press ? or * to list all spells.
Aiming: Magic Dart (safe; 1% risk of failure)
Press: ? - help, Shift-Dir - straight line, f/p - rime drake
Aim: a rime drake (severely wounded, confused, 100% to hit)
The magic dart hits the rime drake.
The rime drake is severely wounded.
You hit the rime drake but do no damage.
The rime drake is poisoned.
The rime drake is severely wounded.
The rime drake barely misses you.
You hit the rime drake but do no damage.
The rime drake looks as sick as possible!
The rime drake is severely wounded.
The rime drake misses you.
You hit the rime drake.
The rime drake is severely wounded.
The rime drake bites you but does no damage.
You barely miss the rime drake.
The rime drake is severely wounded.
You kill the rime drake!
Vehumet accepts your kill.
Your Conjurations skill increases to level 7!
l - 3 murky brown potions (gained 1)
A rime drake comes into view.
Things that are here:
a +0 glaive; a +0 chain mail; a scroll labelled ERURAS XUILE The rime drake breathes ice at you.
The flash freeze hits you!!
You die...

#5# #.#####....####......# #.#
#.#...###### #......# #.#
#.##..#### #...#.## #.#
#..(.<...# ##..#.#
#.####........##### #..#.#
#...@.............###..#.#
######........###......#.#######
#.(/...(.###......'.......#
.....[.....)@)......#.#####.#
####........####.......#<....#
..(....†.# #.......#####.#
..........# #.......# #.#
...?..k....# ######..# ###
............# ##>.. .........#
##### ..####..## ## ##+#


You could see a rime drake (catching breath).

Vanquished Creatures
  A rime drake (D:8)
  Prince Ribbit (D:7)
  A wyvern (D:6)
  4 steam dragons
  3 orc warriors
  2 sky beasts
  2 black bears
  A necrophage (D:6)
  2 ogres
  3 phantoms
  A kobold brigand (D:8)
  A bullfrog (D:7)
  A scorpion (D:4)
  A water moccasin skeleton (D:4)
  10 wights
  2 howler monkeys
  2 bullfrog zombies
  A centaur zombie (D:7)
  3 hounds (D:4)
  3 bullfrog skeletons
  Crazy Yiuf (D:7)
  3 orc priests
  A centaur skeleton (D:5)
  Jessica (D:3)
  Natasha (thrice) (D:2)
  3 orc wizards (D:7)
  A hound skeleton (D:5)
  9 adders
  A white imp (D:3)
  A worm (D:2)
  5 dart slugs
  30 orcs
  5 ball pythons
  8 endoplasms
  2 giant cockroaches
  6 goblins
  11 hobgoblins
  9 kobolds
  5 quokkas
  5 bats
  2 frilled lizards (D:1)
  2 rats
159 creatures vanquished.

Notes
Turn   | Place    | Note
-------+----------+-------------------------------------------
     0 | D:1      | pokeman the Deep Elf Hedge Wizard began the quest for the
                  | Orb.
     0 | D:1      | Reached XP level 1. HP: 10/10 MP: 7/7
   532 | D:1      | Reached XP level 2. HP: 15/15 MP: 6/9
  1105 | D:1      | Found a faded altar of an unknown god.
  1109 | D:1      | Reached skill level 5 in Spellcasting
  1349 | D:2      | Reached XP level 3. HP: 20/20 MP: 7/11
  1353 | D:2      | Learned a level 3 spell: Mephitic Cloud
  1356 | D:2      | Learned a level 2 spell: Call Imp
  1359 | D:2      | Learned a level 2 spell: Blink
  1363 | D:2      | Learned a level 3 spell: Conjure Flame
  1423 | D:2      | Reached skill level 1 in Fighting
  1487 | D:2      | Noticed Natasha
  1494 | D:2      | Killed Natasha
  1495 | D:2      | Reached skill level 1 in Armour
  1495 | D:2      | Reached XP level 4. HP: 21/25 MP: 8/13
  1512 | D:2      | Noticed Natasha
  1520 | D:2      | Killed Natasha
  2033 | D:2      | Noticed Natasha
  2042 | D:2      | Killed Natasha
  2043 | D:2      | Reached skill level 6 in Spellcasting
  2043 | D:2      | Reached skill level 1 in Fire Magic
  2043 | D:2      | Reached XP level 5. HP: 11/29 MP: 11/15
  2742 | D:3      | Found a shimmering blue altar of Sif Muna.
  2840 | D:3      | Noticed Jessica
  2847 | D:3      | Killed Jessica
  3539 | D:4      | Reached XP level 6. HP: 32/34 MP: 12/17
  3588 | D:4      | Reached skill level 1 in Ice Magic
  3750 | D:4      | Reached skill level 7 in Spellcasting
  3750 | D:4      | Reached skill level 1 in Evocations
  3857 | D:4      | Reached skill level 1 in Air Magic
  4169 | D:4      | Found Ukew's Antique Armour Boutique.
  4345 | D:4      | Reached skill level 1 in Poison Magic
  4345 | D:4      | Reached XP level 7. HP: 37/38 MP: 5/20
  4951 | D:4      | Reached skill level 8 in Spellcasting
  5262 | D:5      | Entered Level 5 of the Dungeon
  5311 | D:5      | Learned a level 6 spell: Starburst
  5457 | D:5      | Found a staircase to the Ecumenical Temple.
  5463 | Temple   | Entered the Ecumenical Temple
  5646 | Temple   | Became a worshipper of Vehumet
  5843 | D:5      | Reached XP level 8. HP: 44/44 MP: 14/22
  6032 | D:5      | Reached skill level 9 in Spellcasting
  6658 | D:6      | Reached skill level 5 in Conjurations
  7225 | D:6      | Reached skill level 10 in Spellcasting
  8200 | D:7      | Noticed Prince Ribbit
  8227 | D:7      | Killed Prince Ribbit
  8228 | D:7      | Reached XP level 9. HP: 45/48 MP: 13/25
  8463 | D:7      | Reached skill level 11 in Spellcasting
  8486 | D:7      | Reached * piety under Vehumet
  8486 | D:7      | Offered knowledge of Sandblast by Vehumet.
  8795 | D:7      | Reached skill level 5 in Fire Magic
  9389 | D:7      | Reached skill level 12 in Spellcasting
  9621 | D:7      | Found a runed translucent door.
  9622 | D:7      | Noticed Crazy Yiuf
  9665 | D:7      | Found a burning altar of Makhleb.
 10156 | D:7      | Killed Crazy Yiuf
 10492 | D:8      | Noticed Harold
 10498 | D:8      | Noticed a rime drake
 11013 | D:8      | Noticed a rime drake
 11027 | D:8      | Killed a rime drake
 11041 | D:8      | Noticed a rime drake
 11044 | D:8      | Killed from afar by a rime drake

Illustrated notes

Levels and vault maps discovered:
D:1:      elethiomel_arrival_maze, layout_basic,
          hellmonk_ecumenical_altar_blasted
D:2:      layout_basic, uniq_natasha
D:3:      layout_basic, nicolae_sif_muna_condensation, uniq_jessica
D:4:      layout_loops_ring, serial_co_window_serial, co_window_corner_a,
          co_window_paths_b, co_window_paths_b, co_window_cross_1,
          co_window_corner_a, co_window_paths_a, co_window_paths_b,
          co_window_2corner, co_window_of_opportunity_c, co_window_cross_2,
          co_window_unsneaky_path_d, co_window_2corner, co_window_paths_d,
          glass_columns_a, glass_columns_c, kennysheep_small_circle
D:5:      layout_loops_ring, minmay_temple_entry_enclosed_plants,
          corexii_checkpoint_a, grunt_decor_fettered
D:6:      layout_layer_cave, minmay_misc_feat_room, dk_noncrumbling_2,
          eino_tiny_chamber, grunt_decor_cap
D:7:      layout_loops_corners, kennysheep_mini, uniq_prince_ribbit1,
          uniq_crazy_yiuf_cottage
D:8:      layout_basic, minmay_misc_feat_tiny, hellmonk_guarded_unrand_zhor,
          uniq_harold
Temple:   mainiacjoe_temple_big_plus

Skill      XL: |  1  2  3  4  5  6  7  8  9 |
---------------+----------------------------+-----
Spellcasting   | 5 6 7 8 10 12 | 12.5
Fighting       | 1 2 |  2.3
Armour         | 1 3 4 |  4.0
Conjurations   | 2 3 4 5 7 |  7.0
Dodging        | 3 |  3.0
Fire Magic     | 1 2 4 5 |  5.9
Stealth        | 3 |  3.0
Ice Magic      | 1 |  1.0
Evocations     | 1 |  1.3
Air Magic      | 1 |  1.0
Poison Magic   | 1 |  1.3
Summonings     | |  1.1
Translocations | |  1.1

Action                   |  1- 3 |  4- 6 |  7- 9 || total
-------------------------+-------+-------+-------++-------
Melee: Dagger            |     3 |    37 |   104 ||   144
Throw: Throwing net      |       |       |     1 ||     1
 Cast: Magic Dart        |    68 |   132 |   205 ||   405
       Mephitic Cloud    |     1 |     5 |    27 ||    33
       Conjure Flame     |       |     5 |    28 ||    33
       Blink             |       |     2 |    10 ||    12
       Call Imp          |       |     1 |     8 ||     9
 Stab: Confused          |     1 |     3 |     5 ||     9
       Sleeping          |       |     1 |       ||     1
Armor: Leather armour    |     1 |     8 |    10 ||    19
       Steam dragon scal |       |       |    17 ||    17
Dodge: Dodged            |     4 |    27 |    80 ||   111

Table legend: (Time is in decaauts)
 A = Elapsed time spent in this place.
 B = Non-inter-level travel time spent in this place.
 C = Inter-level travel time spent in this place.
 D = Time resting spent in this place.
 E = Time spent auto-exploring this place.
 F = Levels seen in this place.
 G = Mean time per level.
                   A        B        C        D        E       F      G
               +--------+--------+--------+--------+--------+-----+--------+
         Total |  11045 |  10758 |    287 |    390 |   8968 |   9 | 1227.2 |
       Dungeon |  10818 |  10561 |    257 |    390 |   8781 |   8 | 1352.2 |
        Temple |    227 |    197 |     30 |      0 |    187 |   1 |  227.0 |
               +--------+--------+--------+--------+--------+-----+--------+

Top non-repeatable levels by time:
     D:7: 2340 daAuts
     D:6: 2095 daAuts
     D:4: 1795 daAuts
     D:2: 1452 daAuts
     D:1: 1175 daAuts
     D:5: 901 daAuts
     D:3: 836 daAuts
  Temple: 227 daAuts
     D:8: 221 daAuts
